 Dungeon Crawl Stone Soup version 0.27.1-3-gb3d3a73c9e (webtiles) character file.

Game seed: 5744260691599442625

2 khargal the Insei (level 1, -1/15 HPs)
             Began as a Demonspawn Transmuter on Oct 19, 2021.
             Killed from afar by a dart slug (4 damage)
             ... with a slug dart
             ... on level 1 of the Dungeon.
             The game lasted 00:00:28 (127 turns).

khargal the Insei (Demonspawn Transmuter)            Turns: 127, Time: 00:00:29

Health: -1/15      AC:  2    Str: 10    XL:     1   Next: 33%
Magic:  2/3        EV: 12    Int: 14    God:
Gold:   0          SH:  0    Dex: 13    Spells: 3/4 levels left

rFire    . . .     SeeInvis .     - Unarmed
rCold    . . .     Faith    .   (no shield)
rNeg     . . .     Spirit   .   a - +0 robe
rPois    .         Reflect  .   (helmet currently unavailable)
rElec    .         Harm     .   (no cloak)
rCorr    .         Rampage  .   (no gloves)
Will     .....                  (boots currently unavailable)
Stlth    +.........             (no amulet)
HPRegen  0.05/turn              (no ring)
MPRegen  0.08/turn              (no ring)

@: appendages (expiring)
A: horns 2, talons 2
a: End Transformation


You were on level 1 of the Dungeon.
You had temporarily grown beastly horns and talons.
You visited 1 branch of the dungeon, and saw 1 of its levels.

Inventory:

Armour
 a - a +0 robe (worn)


   Skills:
 + Level 1.0 Fighting
 + Level 1.7 Dodging
 + Level 2.8 Unarmed Combat
 + Level 2.0 Spellcasting
 + Level 1.7 Transmutations


You had 3 spell levels left.
You knew the following spells:

 Your Spells              Type           Power      Damage    Failure   Level
a - Beastly Appendage     Tmut           12%        N/A       12%         1

Your spell library contained the following spells:

 Spells                   Type           Power      Damage    Failure   Level
 Wereblood                Tmut           6%         N/A       17%         2
 Spider Form              Tmut/Pois      1%         N/A       45%         3
 Ice Form                 Ice/Tmut       3%         N/A       86%         4


Dungeon Overview and Level Annotations

Branches:
Dungeon (1/15)

Altars:


Innate Abilities, Weirdness & Mutations

You have temporarily grown beastly horns and talons.


Message History

The dart slug launches a dart at you.
The slug dart hits you but does no damage.
You barely miss the bat. Your kick misses the bat.
Your headbutt misses the bat. The bat misses you. The bat barely misses you.
The dart slug closely misses you.
You hit the bat.
You kill the bat!
The goblin hits you with a +0 club.
You hit the kobold but do no damage. You claw the kobold.
Your headbutt misses the kobold.
The kobold is severely wounded.
The dart slug bites you. The kobold hits you with a +0 dagger.
The goblin hits you with a +0 club.
You are too injured to fight recklessly!
You are too injured to fight recklessly!
You are too injured to fight recklessly!
You are too injured to fight recklessly!
You are too injured to fight recklessly!
You are too injured to fight recklessly!
You are too injured to fight recklessly!
You are too injured to fight recklessly!
You are too injured to fight recklessly!
You are too injured to fight recklessly!
You are too injured to fight recklessly!
You are too injured to fight recklessly!
You are too injured to fight recklessly!
You are too injured to fight recklessly!
You are too injured to fight recklessly!
Your transformation is almost over.
The kobold completely misses you.
You hit the goblin. Your headbutt misses the goblin.
The goblin is severely wounded.
The kobold closely misses you. The goblin hits you with a +0 club.
* * * LOW HITPOINT WARNING * * *
Unknown command.
You hit the goblin.
You kill the goblin!
The dart slug launches a dart at you. The slug dart hits you.
You die...

#♣##'##♣#
###8#'#8###
+.........+
##8##.##8## #≈
#'# ≈#
####♣##'##♣######
≈≈≈≈≈≈≈.≈≈≈≈≈≈≈≈≈
#..####.##...##
#.@)K..# ####.w.#
#...# #†...#
.........
#.......###
#.........
#.......###
.......##


You could see a dart slug and a kobold.

Vanquished Creatures
  A bat (D:1)
  2 ball python zombies (D:1)
  A goblin (D:1)
4 creatures vanquished.

Notes
Turn   | Place    | Note
-------+----------+-------------------------------------------
     0 | D:1      | khargal the Demonspawn Transmuter began the quest for the
                  | Orb.
     0 | D:1      | Reached XP level 1. HP: 15/15 MP: 3/3
   127 | D:1      | Killed from afar by a dart slug

Illustrated notes

Levels and vault maps discovered:
D:1:      saegor_arrival_fortress, layout_loops_ring, serial_shops,
          nicolae_shop_behind_doors, minmay_octomino_j4

Action                   || total
-------------------------++-------
Melee: Unarmed           ||    12
       Kick              ||     1
 Cast: Beastly Appendage ||     2
Armor: Robe              ||     3
Dodge: Dodged            ||    14
